 Dungeon Crawl Stone Soup version 0.28.0-43-g3370ac3207 (console) character file.

Game seed: 3663292698547117056

963 Zeor the Basher (level 8, -9/48 HPs)
             Began as a Gargoyle Monk on Mar 26, 2022.
             Was a Priest of Zin.
             Mangled by a two-headed ogre
             ... wielding a +0 giant club
              (14 damage)
             ... on level 5 of the Dungeon.
             The game lasted 00:10:45 (4810 turns).

Zeor the Basher (Gargoyle Monk)                     Turns: 4810, Time: 00:10:46

Health: -9/48      AC: 18    Str: 20    XL:     8   Next: 15%
Magic:  17/18      EV: 11    Int: 12    God:    Zin [***...]
Gold:   155        SH:  5    Dex: 13    Spells: 7/7 levels left

rFire   . . .      SeeInvis .   a - +2 whip (elec)
rCold   . . .      Faith    .   (no shield)
rNeg    + . .      Spirit   .   d - +0 ring mail
rPois   ∞          Reflect  +   (no helmet)
rElec   +          Harm     +   b - +0 cloak
rCorr   +          Rampage  .   e - +2 pair of gloves of Refuge {Harm Will+}
Will    +....                   g - +2 pair of boots
Stlth   +.........              c - amulet of reflection
HPRegen 0.16/turn               j - ring of the Unstoppable Hells {rCorr MP+9 Str+2}
MPRegen 0.16/turn               (no ring)

@: mighty, vitalised
A: sickness immunity, AC +5, negative energy resistance 1, electricity
resistance, torment resistance 1, petrification resistance
a: Renounce Religion, Recite, Vitalisation, Imprison, Donate Gold


You were on level 5 of the Dungeon.
You worshipped Zin.
Zin was most pleased with you.
You visited 2 branches of the dungeon, and saw 6 of its levels.

You collected 172 gold pieces.
You donated 17 gold pieces to Zin.

Inventory:

Hand Weapons
 a - a +2 whip of electrocution (weapon)
 l - a +0 mace
Missiles
 h - 37 arrows
 k - 29 bolts
Armour
 b - a +0 cloak (worn)
 d - a +0 ring mail (worn)
 e - the +2 pair of gloves of Refuge (worn) {Harm Will+}
   (You acquired it on level 2 of the Dungeon)

   Harm:      It increases damage dealt and taken.
   Will:      It increases your willpower.
 g - a +2 pair of boots (worn)
Jewellery
 c - an amulet of reflection (around neck)
 j - the ring of the Unstoppable Hells (left hand) {rCorr MP+9 Str+2}
   (You acquired it on level 2 of the Dungeon)

   [ring of magical power]

   Str:       It affects your strength (+2).
   MP:        It affects your magic capacity (+9).
   rCorr:     It protects you from acid and corrosion.
Scrolls
 f - a scroll of magic mapping
 i - a scroll of summoning
 n - 2 scrolls of identify
Potions
 o - a potion of cancellation {unknown}
 p - a potion of attraction {unknown}


   Skills:
 + Level 4.6 Fighting
 * Level 8.1 Maces & Flails
 + Level 3.2 Armour
 - Level 2.4 Dodging
 - Level 2.1 Stealth
 + Level 1.7 Shields
 * Level 1.4 Invocations


You had 7 spell levels left.
You didn't know any spells.
Your spell library contained the following spells:

 Spells                   Type           Power      Damage    Failure   Level
 Apportation              Tloc           0%         N/A       50%         1
 Stone Arrow              Conj/Erth      0%         3d7       86%         3
 Animate Armour           Summ/Erth      0%         N/A       99%         4
 Alistair's Intoxication  Tmut/Pois      0%         N/A       100%        5
 Lehudib's Crystal Spear  Conj/Erth      0%         10d2      100%        8


Dungeon Overview and Level Annotations

Branches:
Dungeon (5/15)             Temple (1/1) D:4

Altars:
Cheibriados
Elyvilon
Hepliaklqana
Makhleb
Nemelex Xobeh
Okawaru
Trog
Uskayaw
Xom
Zin
The Shining One

Shops:
D:4 *


Innate Abilities, Weirdness & Mutations

You are immune to sickness and miasma.
Your stone body is resilient. (AC +5)
You are immune to poison.
You resist negative energy. (rN+)
You are resistant to electric shocks. (rElec)
You are resistant to unholy torment.
You are immune to petrification.


Message History

The water moccasin zombie is heavily damaged.
You block the water moccasin zombie's attack.
You barely miss the water moccasin zombie.
The water moccasin zombie is heavily damaged.
You whack the water moccasin zombie!
The water moccasin zombie is severely damaged.
The water moccasin zombie bites you.
You hit the water moccasin zombie.
Lightning courses through the water moccasin zombie!!
You destroy the water moccasin zombie!
Zin accepts your kill.
Found a stone staircase leading down.
Things that are here:
a +0 dagger; an orc corpse Magic restored.
HP restored.
A two-headed ogre comes into view.
It is wielding a +0 giant club and a +0 giant spiked club.
The two-headed ogre shouts in stereo!
The two-headed ogre moves out of view.
Okay, then.
Zin grants you divine stamina.
You closely miss the two-headed ogre. You hit the two-headed ogre.
The two-headed ogre is lightly wounded.
The two-headed ogre hits you with a +0 giant club!!
Ouch! That really hurt!
The two-headed ogre misses you.
You whack the two-headed ogre!
The two-headed ogre is moderately wounded.
The two-headed ogre barely misses you. The two-headed ogre closely misses you.
Okay, then.
You aren't carrying any items that you can evoke.
You feel very mighty all of a sudden.
You whack the two-headed ogre!
Lightning courses through the two-headed ogre!
The two-headed ogre is almost dead.
The two-headed ogre hits you with a +0 giant club!
* * * LOW HITPOINT WARNING * * *
The two-headed ogre hits you with a +0 giant spiked club!
You die...

∙∙ ▒▒∙∙∙∙∙▒▒▒
>∙∙ ▒▒∙∙∙▒▒▒
▒∙∙∙▒▒▒▒∙∙▒∙▒
▒∙∙∙∙∙∙∙▒▒▒▒▒▒▒▒
▒▒▒∙∙∙∙∙∙▒▒∙∙∙∙▒
▒∙∙▒▒▒)▒∙∙▒∙∙∙∙∙
▒▒∙∙∙∙▒▒∙∙∙∙∙∙∙∙
▒▒∙∙∙∙▒∙∙∙∙∙∙∙▒
▒▒▒∙∙9O∙∙∙∙∙∙▒
▒▒∙∙∙∙▒∙∙∙∙▒
▒▒∙∙▒▒∙∙∙▒▒ ▒▒∙▒
▒▒▒ ▒▒▒


You could see a two-headed ogre.

Vanquished Creatures
  Pikel (D:4)
  Eustachio (D:5)
  Pargi (D:4)
  A necrophage (D:5)
  A water moccasin zombie (D:5)
  A jelly (D:5)
  A hound skeleton (D:4)
  5 adders
  2 worms (D:2)
  4 dart slugs
  6 orcs
  5 bats
  5 endoplasms
  3 giant cockroaches (D:1)
  5 goblins
  3 hobgoblins
  10 jackals
  8 kobolds
  4 quokkas
  2 ball pythons
  A frilled lizard (D:1)
  2 rats
72 creatures vanquished.

Vanquished Creatures (collateral kills)
  A frilled lizard (D:3)
1 creature vanquished.

Grand Total: 73 creatures vanquished

Notes
Turn   | Place    | Note
-------+----------+-------------------------------------------
     0 | D:1      | Zeor the Gargoyle Monk began the quest for the Orb.
     0 | D:1      | Reached XP level 1. HP: 14/14 MP: 1/1
   249 | D:1      | Found a faded altar of an unknown god.
   373 | D:1      | Reached XP level 2. HP: 15/19 MP: 2/2
  1533 | D:2      | Reached XP level 3. HP: 23/23 MP: 3/3
  1541 | D:2      | Reached skill level 4 in Maces & Flails
  1564 | D:2      | Found a snail-covered altar of Cheibriados.
  1567 | D:2      | Identified a scroll of acquirement
  1567 | D:2      | Acquired the +2 pair of gloves of Refuge {Harm Will+}
  1587 | D:2      | Acquired the ring of the Unstoppable Hells {rCorr MP+9
                  | Str+2}
  2238 | D:2      | Reached XP level 4. HP: 25/29 MP: 4/4
  2497 | D:3      | Reached skill level 1 in Armour
  2663 | D:3      | Found a burning altar of Makhleb.
  2672 | D:3      | Found a hazy altar of Hepliaklqana.
  2763 | D:3      | Found a bloodstained altar of Trog.
  3083 | D:3      | Reached skill level 5 in Maces & Flails
  3532 | D:4      | Noticed Pargi
  3547 | D:4      | Killed Pargi
  3548 | D:4      | Reached XP level 5. HP: 33/33 MP: 5/5
  3670 | D:4      | Noticed Pikel
  3670 | D:4      | Noticed a lemure
  3670 | D:4      | Noticed a lemure
  3670 | D:4      | Noticed a lemure
  3670 | D:4      | Noticed a lemure
  3692 | D:4      | Killed Pikel
  3693 | D:4      | Reached skill level 7 in Maces & Flails
  3693 | D:4      | Reached skill level 1 in Shields
  3693 | D:4      | Reached XP level 6. HP: 22/39 MP: 6/6
  3693 | D:4      | Reached XP level 7. HP: 25/44 MP: 7/7
  3830 | D:4      | Found a staircase to the Ecumenical Temple.
  3838 | Temple   | Entered the Ecumenical Temple
  3871 | Temple   | Became a worshipper of Zin the Law-Giver
  3871 | Temple   | Reached * piety under Zin
  3871 | Temple   | Reached ** piety under Zin
  3918 | D:4      | Found Gepp's General Store.
  4684 | D:5      | Entered Level 5 of the Dungeon
  4687 | D:5      | Noticed Eustachio
  4714 | D:5      | Killed Eustachio
  4715 | D:5      | Reached skill level 1 in Invocations
  4723 | D:5      | Reached skill level 8 in Maces & Flails
  4723 | D:5      | Reached XP level 8. HP: 48/48 MP: 8/8
  4743 | D:5      | Reached *** piety under Zin
  4799 | D:5      | Noticed a two-headed ogre
  4810 | D:5      | Mangled by a two-headed ogre

Illustrated notes

Levels and vault maps discovered:
D:1:      dpeg_arrival_tiny_a, layout_basic, serial_corexii_hall,
          corexii_hall_statues_i, chequers_hall_statues_y,
          corexii_hall_statues_deadend, chequers_hall_statues_y,
          shapermc_ecumenical_altar_venn, hangedman_feature_mirror,
          amcnicky_mini_corridor_feature, grunt_decor_cap
D:2:      layout_basic, basic_altar, interstate_on_off,
          chequers_serial_rivers_micro_d, roderic_lattice_a,
          minmay_misc_feat_enclosed, fountainhead
D:3:      layout_basic, mainiacjoe_overflow_brackets, mainiacjoe_overflow_swirl,
          minivault_4
D:4:      layout_basic, minmay_temple_entry_wispy, serial_shops, shop_statue,
          uniq_pargi, uniq_pikel
D:5:      layout_cave_pools, uniq_eustachio
Temple:   nicolae_temple_god_jail

Skill      XL: |  1  2  3  4  5  6  7 |
---------------+----------------------+-----
Maces & Flails | 4 5 7 8 |  8.1
Armour         | 1 2 3 |  3.2
Fighting       | 4 |  4.6
Shields        | 1 |  1.7
Invocations    | 1 |  1.4
Dodging        | |  2.4
Stealth        | |  2.1

Action                   |  1- 3 |  4- 6 |  7- 9 || total
-------------------------+-------+-------+-------++-------
Melee: Mace              |    92 |   110 |       ||   202
       Punch             |     5 |     2 |     1 ||     8
       Whip              |       |       |    56 ||    56
Invok: Vitalisation      |       |       |     1 ||     1
  Use: Scroll            |     3 |     4 |       ||     7
       Potion            |       |     2 |     1 ||     3
 Stab: Sleeping          |     1 |       |       ||     1
Armor: Robe              |    15 |       |       ||    15
       Ring mail         |    29 |    58 |    17 ||   104
Dodge: Dodged            |    35 |    66 |    14 ||   115
Block: Other             |       |    24 |     5 ||    29
